Americans vs Admirals (R1)

Created - April 29, 2025 at 19:21

Goals
1 2 3 T
Americans 0 1 1 2
Admirals 1 1 2 4
Shots
1 2 3 T
Americans 10 15 5 30
Admirals 13 8 11 32

1st period

1. Admirals , Mathieu Joseph 44 (Lucas Wallmark 48) at 14:02 (PP)

Penalties :
Nolan Vesey (Mil) for Tripping (Minor) at 0:42, Ian Mitchell (Mil) for Tripping (Minor) at 6:56, Matt Grzelcyk (Roc) for Interference (Minor) at 13:40, Reilly Walsh (Mil) for Roughing (Minor) at 18:13

2nd period

2. Admirals , Antti Suomela 14 (Mark McNeill 42) at 6:29
3. Americans , Ryan Fitzgerald 45 (Richard Nejezchleb 28, Justin Bailey 34) at 14:20 (PP)

Penalties :
Lucas Wallmark (Mil) for Roughing (Minor) at 7:00, Dillon Heatherington (Roc) for Holding (Minor) at 11:08, Mathieu Joseph (Mil) for Tripping (Minor) at 14:14, Olli Juolevi (Mil) for Slashing (Minor) at 17:55

3rd period

4. Americans , Ryan Fitzgerald 46 (Matt Grzelcyk 22, Justin Bailey 35) at 10:09 (SH)
5. Admirals , Pavol Regenda 9 (Antti Suomela 20, Tobias Bjornfot 20) at 11:59
6. Admirals , Hunter Shinkaruk 30 (Ian Mitchell 38, Mathieu Joseph 55) at 16:47 (PP)

Penalties :
Tobias Bjornfot (Mil) for Roughing (Double Minor) at 1:13, Jacob Larsson (Roc) for Tripping (Minor) at 9:48, Vladimir Tkachev (Roc) for Holding (Minor) at 16:35, Tobias Bjornfot (Mil) for Tripping (Minor) at 18:20

Goalie Stats

Connor Hellebyuk (Roc), 28 saves from 32 shots - (0.875), L, 31-28-5, 60:00 minutes
Tristan Jarry (Mil), 28 saves from 30 shots - (0.933), W, 6-12-2, 60:00 minutes

Players Stats for Americans

Player Name              G  A  P  +/- PIM S  H  SB GA TA FO     MP     PP MP  PK MP  
------------------------------------------------------------------------------------
Adam Brooks              0  0  0   0  0   2  1  1  0  0  2/9    18:29   6:59   0:48 
Alex Schoenborn          0  0  0  -1  0   1  1  0  0  0  1/1    10:55   0:47   0:00 
Anthony Romano           0  0  0   0  0   0  0  0  0  0  0/0     0:00   0:00   0:00 
Christopher Paquette     0  0  0   0  0   0  0  0  0  0  0/0     0:33   0:33   0:00 
Daniel Sprong            0  0  0   0  0   0  2  0  0  1  0/1    17:35   6:53   0:00 
Dillon Heatherington     0  0  0   0  2   2  3  0  0  0  0/0    27:07   8:34   1:19 
Dmitri Semykin           0  0  0   0  0   0  0  0  0  0  0/0     3:59   0:00   0:00 
Felix Bibeau             0  0  0   0  0   0  0  0  0  0  0/0     0:00   0:00   0:00 
Gianni Fairbrother       0  0  0   0  0   0  0  0  0  0  0/0     4:33   0:00   0:33 
Jacob Larsson            0  0  0   0  2   3  0  1  1  0  0/0    27:08   8:34   1:20 
John Leonard             0  0  0  -1  0   0  0  0  0  0  0/0     6:38   0:00   0:00 
Justin Bailey            0  2  2   1  0   4  1  1  1  0  3/6    22:51   7:46   2:47 
Lauri Pajuniemi          0  0  0   0  0   0  0  0  0  0  0/0     0:37   0:37   0:00 
Matt Grzelcyk            0  1  1   1  2   0  3  1  0  0  0/0    20:01   6:30   1:59 
Matt Puempel             0  0  0   0  0   3  3  0  0  1  0/0    19:08   6:53   1:32 
Michael McCarron         0  0  0  -1  0   3  2  0  0  0  2/7    10:17   0:00   0:07 
Nathan Noel              0  0  0  -1  0   3  0  0  0  0  2/3     6:38   0:00   0:00 
Peyton Krebs             0  0  0   0  0   0  0  0  0  0  0/0     1:28   0:30   0:57 
Richard Nejezchleb       0  1  1   0  0   2  1  1  0  0  2/4    20:04   7:46   0:00 
Ryan Fitzgerald          2  0  2   1  0   5  1  1  0  0  19/30  22:50   7:46   2:46 
Samuel Bolduc            0  0  0  -2  0   0  0  0  0  0  0/0     7:37   0:35   0:00 
Spencer Stastney         0  0  0   1  0   0  2  0  0  0  0/0    20:16   6:30   2:13 
Vladimir Tkachev         0  0  0  -1  2   2  0  0  0  0  0/0    10:43   0:27   0:07 
Xavier Bouchard          0  0  0  -2  0   0  0  0  0  0  0/0     9:19   0:35   1:40 
Zachary Senyshyn         0  0  0  -1  0   0  0  0  0  1  0/0     6:38   0:00   0:00 

Players Stats for Admirals

Player Name              G  A  P  +/- PIM S  H  SB GA TA FO     MP     PP MP  PK MP  
------------------------------------------------------------------------------------
                         0  0  0   0  0   0  0  0  0  0  0/0     0:00   0:00   0:00 
                         0  0  0   0  0   0  0  0  0  0  0/0     0:00   0:00   0:00 
                         0  0  0   0  0   0  0  0  0  0  0/0     0:00   0:00   0:00 
                         0  0  0   0  0   0  0  0  0  0  0/0     0:00   0:00   0:00 
                         0  0  0   0  0   0  0  0  0  0  0/0     0:00   0:00   0:00 
                         0  0  0   0  0   0  0  0  0  0  0/0     0:00   0:00   0:00 
Antti Suomela            1  1  2   2  0   3  2  0  0  0  3/5    13:42   2:06   0:30 
Christian Djoos          0  0  0   1  0   0  1  2  0  1  0/0    15:15   0:00   4:33 
Hunter Shinkaruk         1  0  1  -1  0   3  0  1  1  0  0/0    16:30   2:26   2:11 
Ian Mitchell             0  1  1  -1  2   1  0  3  0  0  0/0    26:13   2:33   8:00 
Josh Norris              0  0  0   0  0   3  2  1  0  0  2/9    11:53   0:00   3:09 
Josh Wesley              0  0  0   0  0   0  0  0  0  0  0/0     3:37   0:00   1:47 
Kasper Bjorkqvist        0  0  0   0  0   5  1  0  0  0  0/0     8:21   0:00   0:00 
Lucas Wallmark           0  1  1  -1  2   2  0  0  0  0  22/43  22:02   2:26   7:06 
Mark McNeill             0  1  1   2  0   3  2  1  0  0  1/1    18:32   2:06   5:00 
Mathieu Joseph           1  1  2  -1  2   4  2  0  1  0  1/1    23:35   2:26   8:22 
Milos Kelemen            0  0  0   0  0   0  0  0  0  0  0/0     6:52   0:00   0:00 
Nolan Vesey              0  0  0   0  2   2  0  0  0  0  0/0     8:59   0:00   0:00 
Olli Juolevi             0  0  0   1  2   3  2  1  0  0  0/0    20:25   1:59   5:24 
Pavol Regenda            1  0  1   2  0   1  0  0  0  0  0/0    12:52   2:06   0:00 
Reilly Walsh             0  0  0  -1  2   1  2  3  0  1  0/0    26:53   2:33   7:43 
Riley Barber             0  0  0   0  0   0  2  1  0  0  0/0    12:51   0:00   5:00 
Ryan Olsen               0  0  0   0  0   1  1  0  1  0  1/2     7:15   0:00   0:00 
Sean Durzi               0  0  0   1  0   0  0  0  0  0  0/0     9:10   0:00   0:00 
Tobias Bjornfot          0  1  1   1  6   0  0  1  0  0  0/0    19:16   1:59   3:51 

3 Stars

1 - Antti Suomela (Mil)
2 - Ryan Fitzgerald (Roc)
3 - Pavol Regenda (Mil)

Power Play

Americans - 1 on 9 Attempt(s) - 11.11%
Admirals - 2 on 4 Attempt(s) - 50.00%

Penalty Kill

Americans - 2 on 4 Attempt(s) - 50.00% - Score 1 goal in Penalty Kill
Admirals - 8 on 9 Attempt(s) - 88.89% - Score 0 goal in Penalty Kill

Team Stat

Americans - Hits : 20 - Faceoff Wins : 31 - Blocked Shots : 6 - Penalty Minutes : 8
Admirals - Hits : 17 - Faceoff Wins : 30 - Blocked Shots : 14 - Penalty Minutes : 18

Official

Referees : Justin St. Pierre and Kendrick Nicholson
Linesman : Jonny Murray and Kiel Murchison

Game Notes

No Game Note

Finance

Level 1 -- Attendance: 1771 (88.55%) -- Ticket Income $123,970
Level 2 -- Attendance: 936 (93.60%) -- Ticket Income $37,440
Total Attendance: 2707 (90.23%)
Total Ticket Income: $161,410
Other Income: $8,070
Total Income: $169,480

Americans

5 vs 5 Forward 
   Center                   Left Wing                Right Wing               Time % Phy DF OF 
 1 Ryan Fitzgerald          Justin Bailey            Richard Nejezchleb       40     1   2  2  
 2 Adam Brooks              Matt Puempel             Daniel Sprong            30     1   2  2  
 3 Michael McCarron         Vladimir Tkachev         Alex Schoenborn          20     1   2  2  
 4 Nathan Noel              John Leonard             Zachary Senyshyn         10     1   2  2  

5 vs 5 Defense 
   Defense                  Defense                                           Time % Phy DF OF 
 1 Dillon Heatherington     Jacob Larsson                                     40     1   2  2  
 2 Matt Grzelcyk            Spencer Stastney                                  30     1   2  2  
 3 Samuel Bolduc            Xavier Bouchard                                   20     1   2  2  
 4 Gianni Fairbrother       Dmitri Semykin                                    10     1   2  2  

PowerPlay Forward 
   Center                   Left Wing                Right Wing               Time % Phy DF OF 
 1 Ryan Fitzgerald          Justin Bailey            Richard Nejezchleb       60     1   2  2  
 2 Adam Brooks              Matt Puempel             Daniel Sprong            40     1   2  2  

PowerPlay Defense
   Defense                  Defense                                           Time % Phy DF OF 
 1 Dillon Heatherington     Jacob Larsson                                     60     1   2  2  
 2 Matt Grzelcyk            Spencer Stastney                                  40     1   2  2  

Penalty Kill 4 Players Forward 
   Center                   Wing                     Time % Phy DF OF 
 1 Justin Bailey            Ryan Fitzgerald          60     1   2  2  
 2 Adam Brooks              Matt Puempel             40     1   2  2  

Penalty Kill 4 Players Defense
   Defense                  Defense                  Time % Phy DF OF 
 1 Dillon Heatherington     Jacob Larsson            60     1   2  2  
 2 Matt Grzelcyk            Spencer Stastney         40     1   2  2  

Penalty Kill - 3 Players Forward 
   Forward                                           Time % Phy DF OF 
 1 Justin Bailey                                     60     1   2  2  
 2 Ryan Fitzgerald                                   40     1   2  2  

Penalty Kill - 3 Players Defense
   Defense                  Defense                  Time % Phy DF OF 
 1 Dillon Heatherington     Jacob Larsson            60     1   2  2  
 2 Matt Grzelcyk            Spencer Stastney         40     1   2  2  

4 vs 4 Forward 
   Center                   Wing                     Time % Phy DF OF 
 1 Justin Bailey            Ryan Fitzgerald          60     1   2  2  
 2 Adam Brooks              Matt Puempel             40     1   2  2  

4 vs 4 Defense
   Defense                  Defense                  Time % Phy DF OF 
 1 Dillon Heatherington     Jacob Larsson            60     1   2  2  
 2 Matt Grzelcyk            Spencer Stastney         40     1   2  2  

Last Minutes Offensive
   Center                   Left Wing                Right Wing               Defense                  Defense                  
   Ryan Fitzgerald          Justin Bailey            Richard Nejezchleb       Dillon Heatherington     Jacob Larsson            

Last Minutes Defensive
   Center                   Left Wing                Right Wing               Defense                  Defense                  
   Ryan Fitzgerald          Justin Bailey            Richard Nejezchleb       Dillon Heatherington     Jacob Larsson            

Goaltenders
Starting : Connor Hellebyuk         
Backup : Peyton Jones             

Extra Forwards
Normal : Lauri Pajuniemi, Christopher Paquette, Peyton Krebs - PP : Lauri Pajuniemi, Christopher Paquette - PK : Peyton Krebs
Extra Defensemen
Normal : Samuel Bolduc, Xavier Bouchard, Gianni Fairbrother - PP : Samuel Bolduc - PK : Xavier Bouchard, Gianni Fairbrother
Penalty Shots
Justin Bailey, Ryan Fitzgerald, Adam Brooks, Matt Puempel, Richard Nejezchleb
Custom OT Lines Forwards
Justin Bailey, Ryan Fitzgerald, Adam Brooks, Matt Puempel, Richard Nejezchleb, Michael McCarron, Vladimir Tkachev, Nathan Noel, Daniel Sprong, John Leonard
Custom OT Lines Defensemen
Dillon Heatherington, Jacob Larsson, Matt Grzelcyk, Spencer Stastney, Samuel Bolduc

Scratches
Devon Teows (Broken Nose Injury), Austin Wong (Healthy), Daniel Bukac (Healthy), Simon Holmstrom (Healthy)

Admirals

5 vs 5 Forward 
   Center                   Left Wing                Right Wing               Time % Phy DF OF 
 1 Lucas Wallmark           Hunter Shinkaruk         Mathieu Joseph           40     1   2  2  
 2 Antti Suomela            Pavol Regenda            Mark McNeill             30     1   2  2  
 3 Josh Norris              Nolan Vesey              Kasper Bjorkqvist        20     1   2  2  
 4 Ryan Olsen               Milos Kelemen            Riley Barber             10     1   2  2  

5 vs 5 Defense 
   Defense                  Defense                                           Time % Phy DF OF 
 1 Reilly Walsh             Ian Mitchell                                      40     1   2  2  
 2 Olli Juolevi             Tobias Bjornfot                                   30     1   2  2  
 3 Christian Djoos          Sean Durzi                                        20     1   2  2  
 4 Reilly Walsh             Josh Wesley                                       10     1   2  2  

PowerPlay Forward 
   Center                   Left Wing                Right Wing               Time % Phy DF OF 
 1 Lucas Wallmark           Hunter Shinkaruk         Mathieu Joseph           60     1   1  3  
 2 Antti Suomela            Pavol Regenda            Mark McNeill             40     1   1  3  

PowerPlay Defense
   Defense                  Defense                                           Time % Phy DF OF 
 1 Reilly Walsh             Ian Mitchell                                      60     1   2  2  
 2 Olli Juolevi             Tobias Bjornfot                                   40     1   2  2  

Penalty Kill 4 Players Forward 
   Center                   Wing                     Time % Phy DF OF 
 1 Lucas Wallmark           Mathieu Joseph           60     1   2  2  
 2 Mark McNeill             Riley Barber             40     1   2  2  

Penalty Kill 4 Players Defense
   Defense                  Defense                  Time % Phy DF OF 
 1 Reilly Walsh             Ian Mitchell             60     1   3  1  
 2 Olli Juolevi             Tobias Bjornfot          40     1   3  1  

Penalty Kill - 3 Players Forward 
   Forward                                           Time % Phy DF OF 
 1 Mathieu Joseph                                    60     1   3  1  
 2 Mark McNeill                                      40     1   3  1  

Penalty Kill - 3 Players Defense
   Defense                  Defense                  Time % Phy DF OF 
 1 Reilly Walsh             Ian Mitchell             60     1   3  1  
 2 Christian Djoos          Olli Juolevi             40     1   3  1  

4 vs 4 Forward 
   Center                   Wing                     Time % Phy DF OF 
 1 Lucas Wallmark           Mathieu Joseph           60     1   2  2  
 2 Mark McNeill             Hunter Shinkaruk         40     1   2  2  

4 vs 4 Defense
   Defense                  Defense                  Time % Phy DF OF 
 1 Reilly Walsh             Ian Mitchell             60     1   2  2  
 2 Olli Juolevi             Tobias Bjornfot          40     1   2  2  

Last Minutes Offensive
   Center                   Left Wing                Right Wing               Defense                  Defense                  
   Lucas Wallmark           Hunter Shinkaruk         Mathieu Joseph           Olli Juolevi             Ian Mitchell             

Last Minutes Defensive
   Center                   Left Wing                Right Wing               Defense                  Defense                  
   Lucas Wallmark           Hunter Shinkaruk         Mathieu Joseph           Reilly Walsh             Olli Juolevi             

Goaltenders
Starting : Tristan Jarry            
Backup : Felix Sanstrom           

Extra Forwards
Normal : Josh Norris, Riley Barber, Ryan Olsen - PP : Josh Norris, Riley Barber - PK : Josh Norris
Extra Defensemen
Normal : Josh Wesley, Christian Djoos, Tobias Bjornfot - PP : Sean Durzi - PK : Christian Djoos, Josh Wesley
Penalty Shots
Mathieu Joseph, Mark McNeill, Hunter Shinkaruk, Lucas Wallmark, Kasper Bjorkqvist
Custom OT Lines Forwards
Mathieu Joseph, Mark McNeill, Hunter Shinkaruk, Lucas Wallmark, Pavol Regenda, Antti Suomela, Riley Barber, Kasper Bjorkqvist, Nolan Vesey, Milos Kelemen
Custom OT Lines Defensemen
Olli Juolevi, Reilly Walsh, Ian Mitchell, Tobias Bjornfot, Josh Wesley

Scratches
Bokondji Imama (Healthy), Carl Dahlstrom (Healthy), Joni Ikonen (Healthy), Ruslan Iskhakov (Healthy), Filip Chlapik (Healthy)
Grant Hutton (Healthy), Sergei Zborovskiy (Healthy), Troy Bourke (Healthy), Carsen Twarynski (Healthy), Drew O'Connor (Healthy)
Libor Hajek (Healthy), Gerald Mayhew (Healthy), Mark Kastelic (Healthy), Henry Thrun (Healthy), Patrick Moynihan (Healthy)
Jack Malone (Healthy), Sean Maguire (Healthy)

% Time on Ice - Americans

Lines # - Real PCT - Wanted PCT - Time Play
Normal Forward
1 - 31% - 40% - 12:21
2 - 27% - 30% - 10:42
3 - 25% - 20% - 10:08
4 - 17% - 10% - 6:38
Normal Defense
1 - 43% - 40% - 17:15
2 - 29% - 30% - 11:33
3 - 18% - 20% - 7:02
4 - 10% - 10% - 3:59
PP Forward
1 - 55% - 60% - 8:33
2 - 45% - 40% - 7:06
PP Defense
1 - 55% - 60% - 8:34
2 - 45% - 40% - 7:05
PK Forward
1 - 82% - 60% - 3:44
2 - 18% - 40% - 0:48
PK Defense
1 - 51% - 60% - 2:19
2 - 49% - 40% - 2:13
PK3 Forward
1 - 0% - 60%
2 - 0% - 40%
PK3 Defense
1 - 0% - 60%
2 - 0% - 40%
44 Forward
1 - 0% - 60%
2 - 0% - 40%
44 Defense
1 - 0% - 60%
2 - 0% - 40%
Last Minute Offensive  - 0:00
Last Minute Defensive  - 0:00
Total
Forward - 60:00
Defense - 60:00

% Time on Ice - Admirals

Lines # - Real PCT - Wanted PCT - Time Play
Normal Forward
1 - 32% - 40% - 12:51
2 - 30% - 30% - 11:45
3 - 21% - 20% - 8:21
4 - 17% - 10% - 6:52
Normal Defense
1 - 39% - 40% - 15:41
2 - 33% - 30% - 13:08
3 - 23% - 20% - 9:10
4 - 5% - 10% - 1:50
PP Forward
1 - 54% - 60% - 2:26
2 - 46% - 40% - 2:06
PP Defense
1 - 56% - 60% - 2:33
2 - 44% - 40% - 1:59
PK Forward
1 - 68% - 60% - 10:39
2 - 32% - 40% - 5:00
PK Defense
1 - 57% - 60% - 8:57
2 - 43% - 40% - 6:42
PK3 Forward
1 - 0% - 60%
2 - 0% - 40%
PK3 Defense
1 - 0% - 60%
2 - 0% - 40%
44 Forward
1 - 0% - 60%
2 - 0% - 40%
44 Defense
1 - 0% - 60%
2 - 0% - 40%
Last Minute Offensive  - 0:00
Last Minute Defensive  - 0:00
Total
Forward - 60:00
Defense - 60:00

Play-by-Play

1st period


0:01 of 1st period - Ryan Fitzgerald wins face-off versus Lucas Wallmark in neutral zone.
0:26 of 1st period - Ian Mitchell is hit by Dillon Heatherington and loses puck.
0:42 of 1st period - Minor Penalty to Nolan Vesey for Tripping.
0:43 of 1st period - Ryan Fitzgerald wins face-off versus Lucas Wallmark in Admirals zone.
2:42 of 1st period - Penalty to Nolan Vesey is over, Nolan Vesey is back on ice.
2:52 of 1st period - Slapshot by Nathan Noel.
2:52 of 1st period - Stopped by Tristan Jarry with a rebound.
3:29 of 1st period - Wrist shot by Nathan Noel.
3:29 of 1st period - Stopped by Tristan Jarry with a rebound.
3:40 of 1st period - Icing by Xavier Bouchard.
3:41 of 1st period - Lucas Wallmark wins face-off versus Nathan Noel in Americans zone.
4:34 of 1st period - Snap shot by Michael McCarron.
4:34 of 1st period - Deflect By Alex Schoenborn.
4:34 of 1st period - Shot Misses the Net.
4:34 of 1st period - Puck is out of play.
4:35 of 1st period - Antti Suomela wins face-off versus Michael McCarron in Admirals zone.
5:20 of 1st period - Slapshot by Matt Puempel.
5:20 of 1st period - Stopped by Tristan Jarry without a rebound.
5:21 of 1st period - Lucas Wallmark wins face-off versus Adam Brooks in Admirals zone.
5:54 of 1st period - Ryan Olsen is hit by Ryan Fitzgerald and loses puck.
6:28 of 1st period - Off-side.
6:29 of 1st period - Nathan Noel wins face-off versus Antti Suomela in neutral zone.
6:56 of 1st period - Minor Penalty to Ian Mitchell for Tripping.
6:57 of 1st period - Lucas Wallmark wins face-off versus Ryan Fitzgerald in Admirals zone.
8:00 of 1st period - Slapshot by Matt Puempel.
8:00 of 1st period - Shot Blocked by Tobias Bjornfot.
8:02 of 1st period - Slapshot by Jacob Larsson.
8:02 of 1st period - Shot Misses the Net.
8:04 of 1st period - Slapshot by Dillon Heatherington.
8:04 of 1st period - Shot Misses the Net.
8:06 of 1st period - Slapshot by Dillon Heatherington.
8:06 of 1st period - Stopped by Tristan Jarry with a rebound.
8:38 of 1st period - Snap shot by Matt Puempel.
8:38 of 1st period - Shot Misses the Net.
8:40 of 1st period - Slapshot by Dillon Heatherington.
8:40 of 1st period - Shot Misses the Net.
8:42 of 1st period - Slapshot by Dillon Heatherington.
8:42 of 1st period - Deflect By Mark McNeill.
8:42 of 1st period - Stopped by Tristan Jarry with a rebound.
8:44 of 1st period - Wrist shot by Adam Brooks.
8:44 of 1st period - Stopped by Tristan Jarry without a rebound.
8:45 of 1st period - Lucas Wallmark wins face-off versus Ryan Fitzgerald in Admirals zone.
8:56 of 1st period - Penalty to Ian Mitchell is over, Ian Mitchell is back on ice.
9:16 of 1st period - Wrist shot by Michael McCarron.
9:16 of 1st period - Stopped by Tristan Jarry with a rebound.
9:20 of 1st period - Wrist shot by Vladimir Tkachev.
9:20 of 1st period - Stopped by Tristan Jarry without a rebound.
9:21 of 1st period - Josh Norris wins face-off versus Ryan Fitzgerald in Admirals zone.
9:26 of 1st period - Wrist shot by Nolan Vesey.
9:26 of 1st period - Stopped by Connor Hellebyuk with a rebound.
9:28 of 1st period - Wrist shot by Christian Djoos.
9:28 of 1st period - Shot Misses the Net.
9:30 of 1st period - Snap shot by Kasper Bjorkqvist.
9:30 of 1st period - Stopped by Connor Hellebyuk without a rebound.
9:31 of 1st period - Ryan Fitzgerald wins face-off versus Josh Norris in Americans zone.
9:31 of 1st period - Ryan Fitzgerald is hit by Kasper Bjorkqvist.
9:39 of 1st period - Wrist shot by Kasper Bjorkqvist.
9:39 of 1st period - Shot Blocked by Richard Nejezchleb.
9:41 of 1st period - Snap shot by Kasper Bjorkqvist.
9:41 of 1st period - Shot Misses the Net.
9:43 of 1st period - Slapshot by Sean Durzi.
9:43 of 1st period - Shot Misses the Net.
9:45 of 1st period - Slapshot by Kasper Bjorkqvist.
9:45 of 1st period - Shot Blocked by Matt Grzelcyk.
9:47 of 1st period - Wrist shot by Nolan Vesey.
9:47 of 1st period - Shot Misses the Net.
10:13 of 1st period - Snap shot by Ryan Fitzgerald.
10:13 of 1st period - Stopped by Tristan Jarry with a rebound.
10:21 of 1st period - Snap shot by Kasper Bjorkqvist.
10:21 of 1st period - Stopped by Connor Hellebyuk with a rebound.
10:23 of 1st period - Wrist shot by Josh Norris.
10:23 of 1st period - Deflect By Kasper Bjorkqvist.
10:23 of 1st period - Stopped by Connor Hellebyuk without a rebound.
10:24 of 1st period - Lucas Wallmark wins face-off versus Adam Brooks in Americans zone.
10:49 of 1st period - Ian Mitchell is hit by Dillon Heatherington and loses puck.
11:00 of 1st period - Snap shot by Vladimir Tkachev.
11:00 of 1st period - Shot Misses the Net.
11:11 of 1st period - Icing by Gianni Fairbrother.
11:12 of 1st period - Ryan Olsen wins face-off versus Michael McCarron in Americans zone.
11:27 of 1st period - Wrist shot by Hunter Shinkaruk.
11:27 of 1st period - Stopped by Connor Hellebyuk without a rebound.
11:28 of 1st period - Adam Brooks wins face-off versus Antti Suomela in Americans zone.
11:28 of 1st period - Adam Brooks is hit by Mark McNeill.
13:12 of 1st period - Slapshot by Justin Bailey.
13:12 of 1st period - Shot Misses the Net.
13:14 of 1st period - Snap shot by Jacob Larsson.
13:14 of 1st period - Shot Misses the Net.
13:16 of 1st period - Snap shot by Ryan Fitzgerald.
13:16 of 1st period - Deflect By Justin Bailey.
13:16 of 1st period - Deflect By Mark McNeill.
13:16 of 1st period - Shot Misses the Net.
13:16 of 1st period - Puck is out of play.
13:17 of 1st period - Ryan Fitzgerald wins face-off versus Lucas Wallmark in Admirals zone.
13:18 of 1st period - Slapshot by Justin Bailey.
13:18 of 1st period - Stopped by Tristan Jarry without a rebound.
13:19 of 1st period - Ryan Fitzgerald wins face-off versus Lucas Wallmark in Admirals zone.
13:40 of 1st period - Minor Penalty to Matt Grzelcyk for Interference.
13:41 of 1st period - Lucas Wallmark wins face-off versus Ryan Fitzgerald in Americans zone.
13:54 of 1st period - Wrist shot by Mathieu Joseph.
13:54 of 1st period - Stopped by Connor Hellebyuk without a rebound.
13:55 of 1st period - Lucas Wallmark wins face-off versus Justin Bailey in Americans zone.
14:00 of 1st period - Snap shot by Mathieu Joseph.
14:00 of 1st period - Shot Misses the Net.
14:02 of 1st period - Snap shot by Mathieu Joseph.
14:02 of 1st period - Goal by Mathieu Joseph - Americans : 0 - Admirals : 1.
14:03 of 1st period - Lucas Wallmark wins face-off versus Adam Brooks in neutral zone.
14:28 of 1st period - Richard Nejezchleb is hit by Mark McNeill and loses puck.
14:59 of 1st period - Snap shot by Vladimir Tkachev.
14:59 of 1st period - Shot Misses the Net.
15:13 of 1st period - Snap shot by Kasper Bjorkqvist.
15:13 of 1st period - Stopped by Connor Hellebyuk with a rebound.
15:15 of 1st period - Slapshot by Tobias Bjornfot.
15:15 of 1st period - Deflect By Josh Norris.
15:15 of 1st period - Stopped by Connor Hellebyuk with a rebound.
15:17 of 1st period - Slapshot by Olli Juolevi.
15:17 of 1st period - Stopped by Connor Hellebyuk without a rebound.
15:18 of 1st period - Ryan Fitzgerald wins face-off versus Josh Norris in Americans zone.
15:42 of 1st period - Mathieu Joseph is hit by Daniel Sprong and loses puck.
16:43 of 1st period - Snap shot by Josh Norris.
16:43 of 1st period - Stopped by Connor Hellebyuk with a rebound.
16:51 of 1st period - Backhand shot by Nolan Vesey.
16:51 of 1st period - Stopped by Connor Hellebyuk with a rebound.
17:09 of 1st period - Wrist shot by Hunter Shinkaruk.
17:09 of 1st period - Shot Hit the Post.
17:11 of 1st period - Slapshot by Lucas Wallmark.
17:11 of 1st period - Shot Blocked by Adam Brooks.
17:13 of 1st period - Backhand shot by Hunter Shinkaruk.
17:13 of 1st period - Shot Misses the Net.
17:15 of 1st period - Slapshot by Mathieu Joseph.
17:15 of 1st period - Stopped by Connor Hellebyuk with a rebound.
17:29 of 1st period - Jacob Larsson is hit by Reilly Walsh and loses puck.
17:44 of 1st period - Michael McCarron is hit by Ryan Olsen and loses puck.
18:13 of 1st period - Minor Penalty to Reilly Walsh for Roughing.
18:14 of 1st period - Richard Nejezchleb wins face-off versus Lucas Wallmark in Admirals zone.
Goals for this period are 0 for Americans vs 1 for Admirals.
Shots for this period are 10 for Americans vs 13 for Admirals.

2nd period


0:01 of 2nd period - Ryan Fitzgerald wins face-off versus Lucas Wallmark in neutral zone.
0:04 of 2nd period - Christian Djoos is hit by Justin Bailey and loses puck.
0:13 of 2nd period - Penalty to Reilly Walsh is over, Reilly Walsh is back on ice.
0:29 of 2nd period - Wrist shot by Adam Brooks.
0:29 of 2nd period - Shot Misses the Net.
0:52 of 2nd period - Slapshot by John Leonard.
0:52 of 2nd period - Shot Misses the Net.
1:14 of 2nd period - Slapshot by Ian Mitchell.
1:14 of 2nd period - Stopped by Connor Hellebyuk without a rebound.
1:15 of 2nd period - Lucas Wallmark wins face-off versus Justin Bailey in Americans zone.
1:16 of 2nd period - Slapshot by Mathieu Joseph.
1:16 of 2nd period - Shot Misses the Net.
1:18 of 2nd period - Snap shot by Hunter Shinkaruk.
1:18 of 2nd period - Shot Misses the Net.
1:28 of 2nd period - Snap shot by Mathieu Joseph.
1:28 of 2nd period - Deflect By Lucas Wallmark.
1:28 of 2nd period - Shot Blocked by Ryan Fitzgerald.
1:28 of 2nd period - Puck is out of play.
1:29 of 2nd period - Lucas Wallmark wins face-off versus Ryan Fitzgerald in Americans zone.
1:32 of 2nd period - Snap shot by Hunter Shinkaruk.
1:32 of 2nd period - Stopped by Connor Hellebyuk with a rebound.
1:44 of 2nd period - Wrist shot by Hunter Shinkaruk.
1:44 of 2nd period - Shot Blocked by Justin Bailey.
2:05 of 2nd period - Backhand shot by Matt Puempel.
2:05 of 2nd period - Shot Misses the Net.
2:28 of 2nd period - Snap shot by Alex Schoenborn.
2:28 of 2nd period - Stopped by Tristan Jarry with a rebound.
3:58 of 2nd period - Antti Suomela is hit by Richard Nejezchleb and loses puck.
4:27 of 2nd period - Slapshot by Jacob Larsson.
4:27 of 2nd period - Deflect By Nathan Noel.
4:27 of 2nd period - Shot Blocked by Riley Barber.
4:27 of 2nd period - Puck is out of play.
4:28 of 2nd period - Nathan Noel wins face-off versus Lucas Wallmark in Admirals zone.
5:23 of 2nd period - Snap shot by Riley Barber.
5:23 of 2nd period - Shot Misses the Net.
5:25 of 2nd period - Wrist shot by Olli Juolevi.
5:25 of 2nd period - Deflect By Riley Barber.
5:25 of 2nd period - Shot Misses the Net.
5:25 of 2nd period - Puck is out of play.
5:26 of 2nd period - Lucas Wallmark wins face-off versus Adam Brooks in Americans zone.
5:52 of 2nd period - Dillon Heatherington is hit by Antti Suomela and loses puck.
5:57 of 2nd period - Snap shot by Mark McNeill.
5:57 of 2nd period - Shot Misses the Net.
5:59 of 2nd period - Snap shot by Mark McNeill.
5:59 of 2nd period - Stopped by Connor Hellebyuk with a rebound.
6:29 of 2nd period - Snap shot by Antti Suomela.
6:29 of 2nd period - Goal by Antti Suomela - Americans : 0 - Admirals : 2.
6:30 of 2nd period - Ryan Fitzgerald wins face-off versus Lucas Wallmark in neutral zone.
6:43 of 2nd period - Snap shot by Ryan Fitzgerald.
6:43 of 2nd period - Stopped by Tristan Jarry without a rebound.
6:44 of 2nd period - Lucas Wallmark wins face-off versus Ryan Fitzgerald in Admirals zone.
6:57 of 2nd period - Slapshot by Richard Nejezchleb.
6:57 of 2nd period - Deflect By Ryan Fitzgerald.
6:57 of 2nd period - Stopped by Tristan Jarry without a rebound.
6:58 of 2nd period - Lucas Wallmark wins face-off versus Richard Nejezchleb in Admirals zone.
7:00 of 2nd period - Minor Penalty to Lucas Wallmark for Roughing.
7:01 of 2nd period - Mathieu Joseph wins face-off versus Ryan Fitzgerald in Admirals zone.
7:33 of 2nd period - Snap shot by Matt Puempel.
7:33 of 2nd period - Stopped by Tristan Jarry without a rebound.
7:34 of 2nd period - Adam Brooks wins face-off versus Josh Norris in Admirals zone.
8:02 of 2nd period - Slapshot by Matt Puempel.
8:02 of 2nd period - Stopped by Tristan Jarry without a rebound.
8:03 of 2nd period - Ryan Fitzgerald wins face-off versus Josh Norris in Admirals zone.
8:41 of 2nd period - Justin Bailey is hit by Antti Suomela.
9:00 of 2nd period - Penalty to Lucas Wallmark is over, Lucas Wallmark is back on ice.
9:09 of 2nd period - Snap shot by Ryan Olsen.
9:09 of 2nd period - Stopped by Connor Hellebyuk without a rebound.
9:10 of 2nd period - Alex Schoenborn wins face-off versus Ryan Olsen in Americans zone.
9:57 of 2nd period - Wrist shot by Mathieu Joseph.
9:57 of 2nd period - Deflect By Lucas Wallmark.
9:57 of 2nd period - Stopped by Connor Hellebyuk with a rebound.
10:19 of 2nd period - Snap shot by Matt Puempel.
10:19 of 2nd period - Shot Blocked by Josh Norris.
10:21 of 2nd period - Wrist shot by Matt Puempel.
10:21 of 2nd period - Shot Blocked by Christian Djoos.
10:23 of 2nd period - Snap shot by Adam Brooks.
10:23 of 2nd period - Stopped by Tristan Jarry without a rebound.
10:24 of 2nd period - Antti Suomela wins face-off versus Michael McCarron in Admirals zone.
11:08 of 2nd period - Minor Penalty to Dillon Heatherington for Holding.
11:09 of 2nd period - Lucas Wallmark wins face-off versus Ryan Fitzgerald in Americans zone.
11:24 of 2nd period - Slapshot by Hunter Shinkaruk.
11:24 of 2nd period - Shot Misses the Net.
13:08 of 2nd period - Penalty to Dillon Heatherington is over, Dillon Heatherington is back on ice.
13:59 of 2nd period - Off-side.
14:00 of 2nd period - Lucas Wallmark wins face-off versus Daniel Sprong in neutral zone.
14:14 of 2nd period - Minor Penalty to Mathieu Joseph for Tripping.
14:15 of 2nd period - Ryan Fitzgerald wins face-off versus Lucas Wallmark in Admirals zone.
14:20 of 2nd period - Wrist shot by Ryan Fitzgerald.
14:20 of 2nd period - Goal by Ryan Fitzgerald - Americans : 1 - Admirals : 2.
14:21 of 2nd period - Ryan Fitzgerald wins face-off versus Lucas Wallmark in neutral zone.
14:26 of 2nd period - Snap shot by Richard Nejezchleb.
14:26 of 2nd period - Deflect By Ryan Fitzgerald.
14:26 of 2nd period - Shot Misses the Net.
14:26 of 2nd period - Puck is out of play.
14:27 of 2nd period - Lucas Wallmark wins face-off versus Ryan Fitzgerald in Admirals zone.
14:31 of 2nd period - Reilly Walsh is hit by Dillon Heatherington and loses puck.
14:42 of 2nd period - Wrist shot by Mathieu Joseph.
14:42 of 2nd period - Stopped by Connor Hellebyuk without a rebound.
14:43 of 2nd period - Mark McNeill wins face-off versus Adam Brooks in Americans zone.
14:56 of 2nd period - Mark McNeill is hit by Adam Brooks and loses puck.
15:17 of 2nd period - Snap shot by Vladimir Tkachev.
15:17 of 2nd period - Stopped by Tristan Jarry with a rebound.
15:49 of 2nd period - Snap shot by Michael McCarron.
15:49 of 2nd period - Deflect By Mark McNeill.
15:49 of 2nd period - Stopped by Tristan Jarry without a rebound.
15:50 of 2nd period - Ryan Fitzgerald wins face-off versus Lucas Wallmark in Admirals zone.
15:53 of 2nd period - Snap shot by Justin Bailey.
15:53 of 2nd period - Stopped by Tristan Jarry without a rebound.
15:54 of 2nd period - Ryan Fitzgerald wins face-off versus Lucas Wallmark in Admirals zone.
15:59 of 2nd period - Wrist shot by Justin Bailey.
15:59 of 2nd period - Stopped by Tristan Jarry with a rebound.
16:23 of 2nd period - Slapshot by Jacob Larsson.
16:23 of 2nd period - Stopped by Tristan Jarry with a rebound.
17:09 of 2nd period - Snap shot by John Leonard.
17:09 of 2nd period - Shot Misses the Net.
17:11 of 2nd period - Wrist shot by Nathan Noel.
17:11 of 2nd period - Stopped by Tristan Jarry without a rebound.
17:12 of 2nd period - Lucas Wallmark wins face-off versus Richard Nejezchleb in Admirals zone.
17:42 of 2nd period - Slapshot by Antti Suomela.
17:42 of 2nd period - Stopped by Connor Hellebyuk with a rebound.
17:50 of 2nd period - Snap shot by Matt Puempel.
17:50 of 2nd period - Deflect By Daniel Sprong.
17:50 of 2nd period - Shot Blocked by Reilly Walsh.
17:50 of 2nd period - Puck is out of play.
17:51 of 2nd period - Ryan Fitzgerald wins face-off versus Josh Norris in Admirals zone.
17:55 of 2nd period - Minor Penalty to Olli Juolevi for Slashing.
17:56 of 2nd period - Richard Nejezchleb wins face-off versus Lucas Wallmark in Admirals zone.
18:02 of 2nd period - Snap shot by Justin Bailey.
18:02 of 2nd period - Stopped by Tristan Jarry without a rebound.
18:03 of 2nd period - Ryan Fitzgerald wins face-off versus Lucas Wallmark in Admirals zone.
18:13 of 2nd period - Icing by Jacob Larsson.
18:14 of 2nd period - Ryan Fitzgerald wins face-off versus Lucas Wallmark in Americans zone.
18:45 of 2nd period - Snap shot by Ryan Fitzgerald.
18:45 of 2nd period - Shot Blocked by Reilly Walsh.
18:47 of 2nd period - Snap shot by Justin Bailey.
18:47 of 2nd period - Shot Misses the Net.
19:15 of 2nd period - Slapshot by Justin Bailey.
19:15 of 2nd period - Shot Blocked by Ian Mitchell.
19:17 of 2nd period - Backhand shot by Richard Nejezchleb.
19:17 of 2nd period - Stopped by Tristan Jarry without a rebound.
19:18 of 2nd period - Lucas Wallmark wins face-off versus Adam Brooks in Admirals zone.
19:44 of 2nd period - Icing by Daniel Sprong.
19:45 of 2nd period - Lucas Wallmark wins face-off versus Adam Brooks in Americans zone.
19:55 of 2nd period - Penalty to Olli Juolevi is over, Olli Juolevi is back on ice.
Goals for this period are 1 for Americans vs 1 for Admirals.
Shots for this period are 15 for Americans vs 8 for Admirals.

3rd period


0:01 of 3rd period - Ryan Fitzgerald wins face-off versus Lucas Wallmark in neutral zone.
0:06 of 3rd period - Wrist shot by Jacob Larsson.
0:06 of 3rd period - Shot Misses the Net.
0:33 of 3rd period - Pavol Regenda is hit by Matt Grzelcyk.
1:13 of 3rd period - Double Minor Penalty to Tobias Bjornfot for Roughing.
1:14 of 3rd period - Lucas Wallmark wins face-off versus Ryan Fitzgerald in Admirals zone.
1:26 of 3rd period - Slapshot by Lucas Wallmark.
1:26 of 3rd period - Stopped by Connor Hellebyuk with a rebound.
1:28 of 3rd period - Snap shot by Lucas Wallmark.
1:28 of 3rd period - Shot Misses the Net.
1:30 of 3rd period - Slapshot by Olli Juolevi.
1:30 of 3rd period - Stopped by Connor Hellebyuk without a rebound.
1:31 of 3rd period - Ryan Fitzgerald wins face-off versus Lucas Wallmark in Americans zone.
2:50 of 3rd period - Dillon Heatherington is hit by Riley Barber and loses puck.
2:57 of 3rd period - Adam Brooks is hit by Olli Juolevi and loses puck.
3:18 of 3rd period - Richard Nejezchleb is hit by Mathieu Joseph and loses puck.
3:37 of 3rd period - Reilly Walsh is hit by Spencer Stastney and loses puck.
3:42 of 3rd period - Wrist shot by Matt Grzelcyk.
3:42 of 3rd period - Shot Blocked by Ian Mitchell.
3:58 of 3rd period - Lucas Wallmark is hit by Spencer Stastney and loses puck.
4:17 of 3rd period - Daniel Sprong is hit by Christian Djoos and loses puck.
4:30 of 3rd period - Dillon Heatherington is hit by Josh Norris and loses puck.
5:13 of 3rd period - Penalty to Tobias Bjornfot is over, Tobias Bjornfot is back on ice.
5:26 of 3rd period - Slapshot by Mathieu Joseph.
5:26 of 3rd period - Shot Misses the Net.
5:38 of 3rd period - Ian Mitchell is hit by Michael McCarron and loses puck.
6:05 of 3rd period - Ryan Olsen is hit by Daniel Sprong and loses puck.
7:33 of 3rd period - Snap shot by John Leonard.
7:33 of 3rd period - Shot Blocked by Olli Juolevi.
8:19 of 3rd period - Tobias Bjornfot is hit by Matt Grzelcyk and loses puck.
8:36 of 3rd period - Wrist shot by Mark McNeill.
8:36 of 3rd period - Stopped by Connor Hellebyuk with a rebound.
8:38 of 3rd period - Snap shot by Olli Juolevi.
8:38 of 3rd period - Stopped by Connor Hellebyuk with a rebound.
8:48 of 3rd period - Lucas Wallmark is hit by Matt Puempel.
9:05 of 3rd period - Snap shot by Jacob Larsson.
9:05 of 3rd period - Stopped by Tristan Jarry with a rebound.
9:29 of 3rd period - Slapshot by Dillon Heatherington.
9:29 of 3rd period - Shot Blocked by Christian Djoos.
9:48 of 3rd period - Minor Penalty to Jacob Larsson for Tripping.
9:49 of 3rd period - Lucas Wallmark wins face-off versus Justin Bailey in Americans zone.
9:57 of 3rd period - Snap shot by Hunter Shinkaruk.
9:57 of 3rd period - Shot Misses the Net.
9:59 of 3rd period - Slapshot by Ian Mitchell.
9:59 of 3rd period - Deflect By Mathieu Joseph.
9:59 of 3rd period - Shot Misses the Net.
9:59 of 3rd period - Puck is out of play.
10:00 of 3rd period - Justin Bailey wins face-off versus Lucas Wallmark in Americans zone.
10:07 of 3rd period - Slapshot by Matt Grzelcyk.
10:07 of 3rd period - Shot Blocked by Ian Mitchell.
10:09 of 3rd period - Snap shot by Ryan Fitzgerald.
10:09 of 3rd period - Goal by Ryan Fitzgerald - Americans : 2 - Admirals : 2.
10:10 of 3rd period - Justin Bailey wins face-off versus Lucas Wallmark in neutral zone.
11:14 of 3rd period - Justin Bailey is hit by Olli Juolevi and loses puck.
11:48 of 3rd period - Penalty to Jacob Larsson is over, Jacob Larsson is back on ice.
11:57 of 3rd period - Snap shot by Antti Suomela.
11:57 of 3rd period - Stopped by Connor Hellebyuk with a rebound.
11:59 of 3rd period - Snap shot by Antti Suomela.
11:59 of 3rd period - Deflect By Pavol Regenda.
11:59 of 3rd period - Goal by Pavol Regenda - Americans : 2 - Admirals : 3.
12:00 of 3rd period - Lucas Wallmark wins face-off versus Ryan Fitzgerald in neutral zone.
12:12 of 3rd period - Backhand shot by Richard Nejezchleb.
12:12 of 3rd period - Shot Misses the Net.
12:14 of 3rd period - Snap shot by Dillon Heatherington.
12:14 of 3rd period - Deflect By Richard Nejezchleb.
12:14 of 3rd period - Stopped by Tristan Jarry with a rebound.
12:16 of 3rd period - Slapshot by Jacob Larsson.
12:16 of 3rd period - Shot Blocked by Hunter Shinkaruk.
12:31 of 3rd period - Nolan Vesey is hit by Matt Grzelcyk and loses puck.
12:36 of 3rd period - Snap shot by Adam Brooks.
12:36 of 3rd period - Shot Blocked by Reilly Walsh.
13:12 of 3rd period - Hunter Shinkaruk is hit by Michael McCarron.
14:05 of 3rd period - Olli Juolevi is hit by Matt Puempel and loses puck.
14:41 of 3rd period - Jacob Larsson is hit by Josh Norris and loses puck.
16:00 of 3rd period - Xavier Bouchard is hit by Reilly Walsh and loses puck.
16:09 of 3rd period - Snap shot by Kasper Bjorkqvist.
16:09 of 3rd period - Stopped by Connor Hellebyuk with a rebound.
16:11 of 3rd period - Wrist shot by Josh Norris.
16:11 of 3rd period - Stopped by Connor Hellebyuk with a rebound.
16:13 of 3rd period - Slapshot by Reilly Walsh.
16:13 of 3rd period - Stopped by Connor Hellebyuk without a rebound.
16:14 of 3rd period - Antti Suomela wins face-off versus Michael McCarron in Americans zone.
16:19 of 3rd period - Snap shot by Antti Suomela.
16:19 of 3rd period - Shot Misses the Net.
16:21 of 3rd period - Slapshot by Antti Suomela.
16:21 of 3rd period - Shot Misses the Net.
16:25 of 3rd period - Snap shot by Mark McNeill.
16:25 of 3rd period - Stopped by Connor Hellebyuk with a rebound.
16:27 of 3rd period - Snap shot by Sean Durzi.
16:27 of 3rd period - Shot Misses the Net.
16:29 of 3rd period - Slapshot by Sean Durzi.
16:29 of 3rd period - Shot Blocked by Jacob Larsson.
16:35 of 3rd period - Minor Penalty to Vladimir Tkachev for Holding.
16:36 of 3rd period - Justin Bailey wins face-off versus Lucas Wallmark in Americans zone.
16:47 of 3rd period - Slapshot by Ian Mitchell.
16:47 of 3rd period - Deflect By Hunter Shinkaruk.
16:47 of 3rd period - Goal by Hunter Shinkaruk - Americans : 2 - Admirals : 4.
16:48 of 3rd period - Michael McCarron wins face-off versus Josh Norris in neutral zone.
16:51 of 3rd period - Slapshot by Jacob Larsson.
16:51 of 3rd period - Stopped by Tristan Jarry without a rebound.
16:52 of 3rd period - Josh Norris wins face-off versus Michael McCarron in Admirals zone.
16:52 of 3rd period - Josh Norris is hit by Alex Schoenborn.
16:59 of 3rd period - Snap shot by Michael McCarron.
16:59 of 3rd period - Stopped by Tristan Jarry without a rebound.
17:00 of 3rd period - Michael McCarron wins face-off versus Josh Norris in Admirals zone.
17:35 of 3rd period - Dillon Heatherington is hit by Mathieu Joseph and loses puck.
17:54 of 3rd period - Slapshot by Jacob Larsson.
17:54 of 3rd period - Shot Blocked by Mark McNeill.
18:08 of 3rd period - Dillon Heatherington is hit by Riley Barber and loses puck.
18:20 of 3rd period - Minor Penalty to Tobias Bjornfot for Tripping.
18:21 of 3rd period - Ryan Fitzgerald wins face-off versus Lucas Wallmark in Admirals zone.
18:37 of 3rd period - Wrist shot by Richard Nejezchleb.
18:37 of 3rd period - Shot Misses the Net.
19:11 of 3rd period - Wrist shot by Mark McNeill.
19:11 of 3rd period - Shot Misses the Net.
19:41 of 3rd period - Lucas Wallmark is hit by Matt Puempel and loses puck.
Goals for this period are 1 for Americans vs 2 for Admirals.
Shots for this period are 5 for Americans vs 11 for Admirals.